 Dungeon Crawl Stone Soup version 0.23.1 (webtiles) character file.

Game seed: 9886608059260858452

3764 teukkam the Protected (level 9, -2/82 HPs)
             Began as a Minotaur Fighter on Mar 13, 2019.
             Was an Initiate of Nemelex Xobeh.
             Slain by an orange demon (9 damage)
             ... summoned by the player character
             ... on level 8 of the Dungeon.
             The game lasted 00:26:55 (6525 turns).

teukkam the Protected (Minotaur Fighter)            Turns: 6525, Time: 00:26:56

Health: -2/82      AC: 13    Str: 25    XL:     9   Next: 94%
Magic:  8/8        EV:  8    Int:  5    God:    Nemelex Xobeh [......]
Gold:   492        SH: 12    Dex:  9    Spells: 8/8 levels left

rFire    + + +     SeeInvis .   a - +1 long sword (elec)
rCold    + + .     Gourm    .   c - +1 shield
rNeg     + . .     Faith    .   Q - +2 scale mail {rPois}
rPois    +         Spirit   .   n - +2 hat
rElec    +         Reflect  .   e - scarf {rC+ rF+}
rCorr    +         Harm     .   (no gloves)
MR       .....                  N - +0 pair of boots
Stlth    ..........             J - amulet of rage
HPRegen  0.23/turn              y - ring of protection from fire
MPRegen  0.11/turn              O - ring of positive energy (curse)

@: resistant, very slightly contaminated
A: retaliatory headbutt, horns 2
a: Draw Escape, Draw Destruction, Draw Summoning, Renounce Religion, Evoke
Berserk Rage


You were on level 8 of the Dungeon.
You worshipped Nemelex Xobeh.
Nemelex Xobeh was noncommittal.
You were not hungry.

You visited 2 branches of the dungeon, and saw 10 of its levels.

You collected 492 gold pieces.

Inventory:

Hand Weapons
 a - a +1 long sword of electrocution (weapon)
 g - a +0 dagger of venom
 m - a +0 blowgun
 H - a +0 war axe
Missiles
 l - 3 poisoned needles
 o - 2 tomahawks of returning (quivered)
 r - 82 sling bullets
 s - 3 needles of confusion
 x - 137 stones
 C - 4 tomahawks
 I - 2 throwing nets
Armour
 c - a +1 shield (worn)
 e - a scarf of resistance (worn)
 n - a +2 hat (worn)
 G - a +2 ring mail of fire resistance
 N - a +0 pair of boots (worn)
 Q - a +2 scale mail of poison resistance (worn)
Jewellery
 w - an uncursed amulet of magic regeneration
 y - a ring of protection from fire (left hand)
 J - an amulet of rage (around neck)
 O - a cursed ring of positive energy (right hand)
 P - an uncursed ring of magical power {unknown}
Wands
 j - a wand of enslavement (9)
 k - a wand of polymorph (11)
 A - a wand of clouds (1)
 E - a wand of digging (2)
 K - a wand of flame (8)
Scrolls
 h - a scroll of fear
 i - 3 scrolls of teleportation
 t - 4 scrolls of random uselessness {unknown}
 M - 3 scrolls of identify
 R - a scroll of magic mapping {unknown}
 S - a scroll of amnesia
 T - 2 scrolls of fog {unknown}
 U - a scroll of enchant armour
Potions
 b - 3 potions of agility
 d - a potion of might
 q - 2 potions of curing
 u - 2 potions of mutation {unknown}
 v - a potion of berserk rage
 z - 2 potions of haste {unknown}
 B - 3 potions of flight {unknown}
 D - 3 potions of degeneration {unknown}
 F - a potion of lignification {unknown}
Comestibles
 f - 7 rations


   Skills:
 + Level 8.6 Fighting
 + Level 6.0 Long Blades
 - Level 5.1 Axes
 + Level 5.6 Throwing
 + Level 8.7 Armour
 + Level 8.7 Shields


You had 8 spell levels left.
You didn't know any spells.
Your spell library was empty.

Dungeon Overview and Level Annotations

Branches:
Dungeon (9/15)             Temple (1/1) D:6
   Lair: D:8-11         Orc: D:9-12

Altars:
Ashenzari
Cheibriados
Dithmenos
Elyvilon
Fedhas
Gozag
Hepliaklqana
Kikubaaqudgha
Makhleb
Nemelex Xobeh
Okawaru
Qazlal
Ru
Sif Muna
Trog
Uskayaw
Vehumet
Wu Jian
Xom
Yredelemnul
Zin
The Shining One

Shops:
D:8 =

Annotations:
D:1 1 runed translucent door
D:9 1 transporter


Innate Abilities, Weirdness & Mutations

You reflexively headbutt those who attack you in melee.
You have a pair of horns on your head.


Message History

Press: ? - help, Dir - move target cursor, p - queen bee You are very lightly contaminated with residual magic.
As you read the scroll of blinking, it crumbles to dust.
The queen bee stings your wyvern!
It was a potion of resistance.
You feel protected.
The killer bee is no longer berserk.
The wyvern barely misses you.
Blink to where?
Press: ? - help, Dir - move target cursor
As you read the scroll of blinking, it crumbles to dust.
Okay, then.
Found 3 rations.
The killer bee looks more energetic.
Your wyvern barely misses the killer bee.
You draw a card...
You have drawn the Pentagram.
The deck of cards glows slightly and disappears.
The orange demon stings you!
You die...
Your body disappears without a glow.

y##......#.#
##..#.#.#.#.####
.###....## .#
#.##...yS#.#
y####.#.# %#%#
#.#.###.#
..ยง.....# #.#
#..#.....#
#####)..## #.#
##.#..# ##
#....##%# ....(.
#....#.# ###..#..##
#......####4h..#..#
#.#.....l.yl@...[.#
#.##########%.###.#
# #.## ... ####


You could see an orange demon, a wyvern, a killer bee, a friendly hell hound and
a friendly wyvern.

Vanquished Creatures
  A two-headed ogre (D:8)
  Grinder (D:6)
  Eustachio (D:6)
  Menkaure (D:6)
  Duvessa (D:7)
  An ice beast (D:8)
  An orc warrior (D:8)
  An ogre (D:4)
  A phantom (D:8)
  2 centaurs (D:7)
  A big kobold (D:8)
  A bullfrog (D:6)
  A scorpion (D:8)
  17 killer bees
  2 howler monkeys
  2 bullfrog zombies
  A crimson imp (D:5)
  6 orc priests
  A quasit (D:6)
  2 bullfrog skeletons
  4 orc wizards
  A centaur skeleton (D:6)
  4 iguanas
  Ijyb (D:3)
  Terence (D:3)
  2 worker ants
  4 hound skeletons
  Robin (D:3)
  5 adders
  3 gnolls (D:6)
  2 river rats (D:6)
  2 shadow imps
  2 oozes (D:2)
  5 adder skeletons
  3 worms
  A dart slug (D:4)
  6 leopard geckos
  18 orcs
  3 ball pythons
  4 giant cockroaches
  11 goblins
  4 hobgoblins
  9 jackals
  4 quokkas
  9 bats
  6 frilled lizards
  A jackal zombie (D:3)
  14 kobolds
  A leopard gecko skeleton (D:6)
  11 rats
187 creatures vanquished.

Vanquished Creatures (collateral kills)
  Dowan (D:7)
  An adder (D:7)
2 creatures vanquished.

Vanquished Creatures (others)
  An adder (D:8)
  5 goblins (D:3)
  A hobgoblin (D:3)
  4 toadstools (D:4)
11 creatures vanquished.

Grand Total: 200 creatures vanquished

Notes
Turn   | Place    | Note
-------+----------+-------------------------------------------
     0 | D:1      | teukkam the Minotaur Fighter began the quest for the Orb.
     0 | D:1      | Reached XP level 1. HP: 19/19 MP: 0/0
     1 | D:1      | Found a runed translucent door.
    15 | D:2      | You fall through a shaft for 2 floors!
    15 | D:4      | Noticed an orc wizard
    29 | D:4      | Killed an orc wizard
    29 | D:4      | Reached XP level 2. HP: 27/27 MP: 1/1
    38 | D:4      | Reached XP level 3. HP: 28/33 MP: 2/2
   174 | D:4      | Reached XP level 4. HP: 16/41 MP: 3/3
   646 | D:4      | Noticed an ogre
   684 | D:3      | Noticed Ijyb
   688 | D:3      | Reached XP level 5. HP: 42/47 MP: 4/4
   696 | D:3      | Killed Ijyb
   874 | D:2      | Found a white marble altar of Elyvilon.
  1285 | D:1      | Reached skill level 5 in Armour
  1761 | D:2      | Reached skill level 5 in Fighting
  1802 | D:2      | Reached skill level 5 in Shields
  1910 | D:3      | Found a shattered altar of Ashenzari.
  2036 | D:3      | Noticed Terence
  2042 | D:3      | Killed Terence
  2044 | D:3      | Reached XP level 6. HP: 56/56 MP: 5/5
  2093 | D:3      | Noticed Robin
  2107 | D:3      | Killed Robin
  2108 | D:3      | Found a radiant altar of Vehumet.
  2336 | D:5      | Entered Level 5 of the Dungeon
  2392 | D:4      | Reached skill level 1 in Throwing
  2472 | D:4      | Found a bloodstained altar of Trog.
  2480 | D:4      | Noticed Blork the orc
  2481 | D:4      | Noticed Blork
  2481 | D:4      | Blork the orc changed into Blork the worm
  2488 | D:4      | Killed Blork the worm
  2906 | D:5      | Reached XP level 7. HP: 32/61 MP: 6/6
  3253 | D:5      | Found an ancient bone altar of Kikubaaqudgha.
  3254 | D:5      | Found a sacrificial altar of Ru.
  3273 | D:5      | Reached skill level 5 in Axes
  3387 | D:5      | Found a shimmering altar of Xom.
  3676 | D:6      | Found a deep blue altar of Sif Muna.
  3683 | D:6      | Found a glowing silver altar of Zin.
  3748 | D:6      | Reached skill level 1 in Long Blades
  3868 | D:6      | Found a staircase to the Ecumenical Temple.
  3901 | D:6      | Noticed Eustachio
  3918 | D:6      | Killed Eustachio
  3918 | D:6      | Reached XP level 8. HP: 63/70 MP: 7/7
  3953 | D:6      | Noticed Grinder
  3957 | D:6      | Paralysed by Grinder for 7 turns
  3983 | D:6      | Killed Grinder
  4101 | D:6      | Found a glowing drain.
  4159 | D:6      | Found a burning altar of Makhleb.
  4160 | D:6      | Found a bloodstained altar of Trog.
  4162 | D:6      | Found a hide-covered altar of Uskayaw.
  4168 | D:6      | Found a stormy altar of Qazlal.
  4169 | D:6      | Found a shimmering altar of Xom.
  4266 | D:6      | Noticed Menkaure
  4275 | D:6      | Killed Menkaure
  4577 | Temple   | Entered the Ecumenical Temple
  4628 | Temple   | Became a worshipper of Nemelex Xobeh the Trickster
  4986 | D:7      | Received a gift from Nemelex Xobeh
  4989 | D:7      | Noticed Duvessa
  4990 | D:7      | Noticed Dowan
  5005 | D:7      | Killed Dowan
  5007 | D:7      | Killed Duvessa
  5369 | D:7      | Reached XP level 9. HP: 62/79 MP: 8/8
  5709 | D:8      | Found Atuuv's Jewellery Emporium.
  5950 | D:9      | Found a transporter.
  6235 | D:8      | Noticed a two-headed ogre
  6236 | D:8      | Identified the -1 quarterstaff of Destiny {flame, rN+
                  | Str+4}
  6246 | D:8      | Killed a two-headed ogre
  6246 | D:8      | Reached skill level 5 in Long Blades
  6246 | D:8      | Reached skill level 5 in Throwing
  6441 | D:8      | Received a gift from Nemelex Xobeh
  6490 | D:8      | Noticed a queen bee
  6511 | D:8      | HP: 4/82 [wyvern[the player character] (12)]
  6524 | D:8      | Noticed an orange demon
  6525 | D:8      | Slain by an orange demon

Skill      XL: |  1  2  3  4  5  6  7  8  9 |
---------------+----------------------------+-----
Fighting       | 4 5 6 7 8 |  8.6
Axes           | 3 4 5 |  5.1
Armour         | 4 5 6 7 8 |  8.7
Shields        | 4 5 6 7 8 |  8.7
Throwing       | 1 2 4 5 |  5.6
Long Blades    | 1 4 6 |  6.0

Action                   |  1- 3 |  4- 6 |  7- 9 || total
-------------------------+-------+-------+-------++-------
Melee: War axe           |    27 |   184 |    55 ||   266
       Headbutt          |     8 |    26 |    47 ||    81
       Long sword        |       |       |   256 ||   256
 Fire: Blowgun           |       |       |     2 ||     2
Throw: Tomahawk          |       |       |    19 ||    19
 Abil: Draw Destruction  |       |       |     8 ||     8
       Draw Escape       |       |       |     4 ||     4
       Draw Summoning    |       |       |     4 ||     4
Evoke: Wand              |       |     1 |     3 ||     4
  Use: Scroll            |     3 |     1 |     6 ||    10
       Potion            |       |     2 |     3 ||     5
  Eat: Chunk             |       |     6 |     4 ||    10
       Ration            |       |       |     3 ||     3
Armor: Scale mail        |    16 |    15 |    47 ||    78
       Ring mail         |       |    64 |   108 ||   172
Dodge: Dodged            |     7 |    63 |   151 ||   221
Block: Shield            |     9 |   133 |   255 ||   397
       Rpst.: Long sword |       |       |    28 ||    28
